 Seeded DCSS version 0.28-a0-863-g8cecda6153 (webtiles) character file.

Game seed: 20211011 (custom seed)

326 a11behringer the Chopper (level 6, -10/53 HPs)
             Began as a Hill Orc Fighter on Nov 16, 2021.
             Mangled by an orc (15 damage)
             ... on level 4 of the Dungeon.
             The game lasted 00:11:46 (4181 turns).

a11behringer the Chopper (Hill Orc Fighter)         Turns: 4181, Time: 00:11:46

Health: -10/53     AC:  8    Str: 21    XL:     6   Next: 49%
Magic:  15/15      EV:  9    Int:  8    God:
Gold:   250        SH:  4    Dex: 10    Spells: 5/5 levels left

rFire   . . .      SeeInvis .   a - +0 war axe
rCold   . . .      Faith    .   c - +0 buckler
rNeg    . . .      Spirit   .   b - +0 scale mail
rPois   .          Reflect  .   h - +0 helmet
rElec   .          Harm     .   (no cloak)
rCorr   .          Rampage  .   (no gloves)
Will    .....                   (no boots)
Stlth   ..........              (no amulet)
HPRegen 0.17/turn               k - ring of magical power
MPRegen 0.14/turn               (no ring)

@: no status effects
A: no striking features
a: no special abilities


You were on level 4 of the Dungeon.
You visited 1 branch of the dungeon, and saw 4 of its levels.

You collected 250 gold pieces.

Inventory:

Hand Weapons
 a - a +0 war axe (weapon)
 p - a +0 hunting sling
 r - a +0 arbalest
Missiles
 f - 35 sling bullets
 m - 45 bolts
Armour
 b - a +0 scale mail (worn)
 c - a +0 buckler (worn)
 h - a +0 helmet (worn)
Jewellery
 k - a ring of magical power (left hand)
Scrolls
 i - a scroll of blinking
Potions
 d - a potion of might
 e - a potion of haste
 g - a potion of ambrosia {unknown}
 j - a potion of heal wounds {unknown}
 l - a potion of brilliance {unknown}
 n - 2 potions of curing
 o - a potion of flight
 q - a potion of mutation {unknown}


   Skills:
 + Level 4.5 Fighting
 * Level 7.1 Axes
 + Level 4.3 Armour
 + Level 3.8 Shields


You had 5 spell levels left.
You didn't know any spells.
Your spell library was empty.

Dungeon Overview and Level Annotations

Branches:
Dungeon (4/15)
 Temple: D:4-7

Altars:
Xom

Shops:
D:3 [   D:4 (


Message History

You completely miss the adder skeleton. The adder skeleton bites you.
The orc wizard gestures at you while chanting.
You resist with some effort.
You hit the orc wizard.
You kill the orc wizard!
You hit the adder skeleton. The adder skeleton closely misses you.
The orc throws a boomerang.
The boomerang hits you but does no damage.
You barely miss the adder skeleton.
The adder skeleton is moderately damaged.
The adder skeleton bites you. The adder skeleton barely misses you.
You closely miss the adder skeleton.
The adder skeleton is moderately damaged.
You hit the orc.
The orc hits you with a +1 whip of electrocution.
You are electrocuted!!
The adder skeleton barely misses you.
You slash the adder skeleton!
You destroy the adder skeleton!
You hit the orc.
The orc hits you with a +1 whip of electrocution. x2
You are electrocuted!
* * * LOW HITPOINT WARNING * * *
You hit the orc but do no damage.
The orc is severely wounded.
You block the orc's attack.
You closely miss the orc.
The orc is severely wounded.
The orc hits you but does no damage.
You barely miss the orc.
The orc is severely wounded.
The orc barely misses you.
You closely miss the orc.
The orc is severely wounded.
The orc barely misses you.
You closely miss the orc.
The orc is severely wounded.
The orc hits you with a +1 whip of electrocution.
* * * LOW HITPOINT WARNING * * *
You are electrocuted!
You die...

###.##)##.# #...#
....##.##)########...#######..
.#..##....#...................
###.####......................
.#........#...................
...#####..######.#...#.#####..
#.######..## #.......#
#......†.#.# #o#.....#
..######..## #@#.....#
#........#######.#.....#
#..#######.<...........#
#..###.......##..#.....#
.....#.#...#.##........####
.....#.#..................#
.....#.#.[.#.##........##.#######
.....#.##........##.##.##.......#
.....#.......##.....##.##.#####.#


You could see an orc.

Vanquished Creatures
  An orc priest (D:3)
  An iguana (D:4)
  4 orc wizards
  7 adders
  An adder skeleton (D:4)
  A worm (D:4)
  4 dart slugs
  13 orcs
  3 ball pythons (D:1)
  3 endoplasms
  6 goblins
  11 hobgoblins
  9 jackals
  2 quokkas
  4 bats
  A frilled lizard (D:2)
  5 kobolds
  2 rats (D:1)
  3 toadstools (D:1)
81 creatures vanquished.

Vanquished Creatures (others)
  7 fungi (D:1)
  2 toadstools (D:1)
9 creatures vanquished.

Grand Total: 90 creatures vanquished

Notes
Turn   | Place    | Note
-------+----------+-------------------------------------------
     0 | D:1      | a11behringer the Hill Orc Fighter began the quest for the
                  | Orb.
     0 | D:1      | Reached XP level 1. HP: 19/19 MP: 1/1
    54 | D:1      | Reached skill level 3 in Axes
    54 | D:1      | Reached XP level 2. HP: 27/27 MP: 2/2
   516 | D:1      | Reached XP level 3. HP: 31/33 MP: 3/3
  1015 | D:2      | Reached skill level 4 in Axes
  1309 | D:2      | Found a shimmering altar of Xom.
  1689 | D:2      | Reached XP level 4. HP: 19/40 MP: 4/4
  1892 | D:2      | Found a faded altar of an unknown god.
  2526 | D:3      | Reached skill level 5 in Axes
  2762 | D:3      | Found Pakk's Armour Boutique.
  2956 | D:3      | Reached XP level 5. HP: 46/46 MP: 5/5
  3038 | D:3      | Reached skill level 6 in Axes
  3636 | D:4      | Reached XP level 6. HP: 25/53 MP: 6/6
  4041 | D:4      | Found Ixefiri's Antique Weapon Boutique.
  4163 | D:4      | Reached skill level 7 in Axes
  4181 | D:4      | Mangled by an orc

Illustrated notes

Levels and vault maps discovered:
D:1:      minmay_arrival_wavy_path, layout_basic, minmay_gold_behind_fungi,
          kennysheep_small_spiral
D:2:      layout_basic, basic_altar, hellmonk_ecumenical_altar_prayer_group,
          minmay_quadrilaterals
D:3:      layout_basic, serial_shops, nicolae_shop_advertising_works
          [nicolae_subvault_shop_adworks]
D:4:      layout_loops_cross, serial_shops, nicolae_diamond_shop,
          grunt_ministairs_2, minmay_unequal, uniq_robin, uniq_menkaure

Skill      XL: |  1  2  3  4  5  6 |
---------------+-------------------+-----
Axes           | 3 4 5 6 7 |  7.1
Fighting       | 4 |  4.5
Armour         | 4 |  4.3
Shields        | |  3.8

Action                   |  1- 3 |  4- 6 || total
-------------------------+-------+-------++-------
Melee: War axe           |   123 |   154 ||   277
  Use: Scroll            |       |     3 ||     3
       Potion            |       |     1 ||     1
Armor: Scale mail        |    52 |    77 ||   129
Dodge: Dodged            |    55 |    53 ||   108
Block: Buckler           |    30 |    23 ||    53

Table legend: (Time is in decaauts)
 A = Elapsed time spent in this place.
 B = Non-inter-level travel time spent in this place.
 C = Inter-level travel time spent in this place.
 D = Time resting spent in this place.
 E = Time spent auto-exploring this place.
 F = Levels seen in this place.
 G = Mean time per level.
                   A        B        C        D        E       F      G
               +--------+--------+--------+--------+--------+-----+--------+
         Total |   4252 |   3972 |    280 |      0 |   3289 |   4 | 1063.0 |
       Dungeon |   4252 |   3972 |    280 |      0 |   3289 |   4 | 1063.0 |
               +--------+--------+--------+--------+--------+-----+--------+

Top non-repeatable levels by time:
     D:2: 1384 daAuts
     D:3: 1266 daAuts
     D:1: 1018 daAuts
     D:4: 583 daAuts
